[ AOE2 MATCH · #505039437 ]
UnrankedMalay vs Malians
Player's team · LOSS
Rival team · WIN
[ REPLAY ANALYSIS · EXTRACTED FROM THE RECORDED GAME ]
Feudal
9:47
Castle
—
Imperial
—
| APM avg | 82.5 |
| APM peak | 122 |
| eAPM avg | 35.6 |
| Villagers / military | 44 / 39 |
Focus
⚔️ 51.2% · 🌾 48.8%
Archer ×35 · Militia ×4
Feudal
9:15
Castle
—
Imperial
—
| APM avg | 144.6 |
| APM peak | 191 |
| eAPM avg | 60.4 |
| Villagers / military | 37 / 18 |
Focus
⚔️ 82.8% · 🌾 17.2%
Archer ×14 · Militia ×3 · Spearman ×1
Match map
Initial resources + every placement click. Lines = walls · curves = elevation contours. ◆ gold · ⬟ stone · ● berries · ✦ relic · ◌ wall gap
Your base· Open — 5t gap
NOC | Mati's base· Open — unwalled flank
Smoothed initial terrain · ◌ = detected wall gap · hover for details
Inputs per minute
— Edelreiss - - NOC | Mati
Build order — Edelreiss
141 actions detected in the replay
| 0:00 | Create | Villager (Male) |
| 0:00 | Create | Villager (Male) |
| 0:01 | Create | Villager (Male) |
| 0:02 | Build | House |
| 0:02 | Build | House |
| 0:07 | Create | Villager (Male) |
| 1:15 | Create | Villager (Male) |
| 1:45 | Create | Villager (Male) |
| 2:02 | Build | Lumber Camp |
| 2:14 | Create | Villager (Male) |
| 2:44 | Create | Villager (Male) |
| 2:45 | Create | Villager (Male) |
| 3:01 | Create | Villager (Male) |
| 3:30 | Create | Villager (Male) |
| 4:00 | Build | House |
| 4:01 | Build | House |
| 4:05 | Create | Villager (Male) |
| 4:24 | Create | Villager (Male) |
| 4:50 | Build | Barracks |
| 4:55 | Create | Villager (Male) |
| 4:56 | Create | Villager (Male) |
| 4:56 | Create | Villager (Male) |
| 5:52 | Create | Militia |
| 5:52 | Create | Militia |
| 5:54 | Build | House |
| 6:05 | Create | Militia |
| 6:09 | Create | Villager (Male) |
| 6:27 | Create | Militia |
| 6:39 | Create | Villager (Male) |
| 6:49 | Build | Mill |
| 6:51 | Create | Villager (Male) |
| 7:08 | Research | Loom |
| 7:11 | Create | Villager (Male) |
| 7:57 | Create | Villager (Male) |
| 8:29 | Research | Feudal Age |
| 8:29 | Research | Feudal Age |
| 8:36 | Create | Villager (Male) |
| 9:07 | Build | Mining Camp |
| 9:17 | Build | House |
| 9:26 | Build | Palisade Wall |
| 9:31 | Build | Palisade Wall |
| 9:34 | Create | Villager (Male) |
| 9:37 | Build | House |
| 9:38 | Build | Palisade Wall |
| 9:47 | Age | Feudal Age |
| 9:54 | Build | Archery Range |
| 10:00 | Create | Villager (Male) |
| 10:06 | Create | Villager (Male) |
| 10:13 | Research | Double-Bit Axe |
| 10:33 | Build | Palisade Wall |
| 10:35 | Build | Palisade Wall |
| 10:37 | Build | Palisade Wall |
| 10:39 | Create | Archer |
| 10:41 | Create | Villager (Male) |
| 10:43 | Build | Farm |
| 10:47 | Create | Archer |
| 10:50 | Build | Farm |
| 10:54 | Create | Archer |
| 10:58 | Create | Villager (Male) |
| 11:05 | Build | Farm |
| 11:30 | Create | Villager (Male) |
| 11:33 | Build | Farm |
| 11:34 | Build | Farm |
| 11:34 | Create | Archer |
| 11:42 | Build | House |
| 11:44 | Create | Archer |
| 11:52 | Create | Archer |
| 11:56 | Create | Villager (Male) |
| 12:00 | Build | Farm |
| 12:02 | Create | Archer |
| 12:07 | Create | Villager (Male) |
| 12:12 | Build | Farm |
| 12:18 | Create | Archer |
| 12:28 | Build | Palisade Wall |
| 12:30 | Build | Palisade Wall |
| 12:33 | Create | Archer |
| 12:35 | Create | Villager (Male) |
| 12:48 | Build | Palisade Wall |
| 12:48 | Build | Palisade Wall |
| 12:56 | Build | Blacksmith |
| 13:00 | Create | Archer |
| 13:05 | Create | Villager (Male) |
| 13:06 | Create | Villager (Male) |
| 13:14 | Create | Villager (Male) |
| 13:21 | Create | Archer |
| 13:24 | Create | Archer |
| 13:27 | Create | Archer |
| 13:29 | Create | Archer |
| 13:30 | Create | Villager (Male) |
| 13:43 | Research | Fletching |
| 13:43 | Research | Fletching |
| 13:49 | Create | Villager (Male) |
| 13:55 | Create | Villager (Male) |
| 13:59 | Build | Farm |
| 14:03 | Create | Archer |
| 14:10 | Build | Farm |
| 14:11 | Create | Villager (Male) |
| 14:14 | Create | Archer |
| 14:17 | Build | Farm |
| 14:18 | Build | Farm |
| 14:20 | Create | Archer |
| 14:28 | Create | Villager (Male) |
| 14:30 | Create | Archer |
| 14:34 | Create | Archer |
| 14:36 | Build | House |
| 14:37 | Build | House |
| 14:42 | Create | Archer |
| 14:44 | Create | Archer |
| 14:48 | Create | Villager (Male) |
| 14:59 | Create | Archer |
| 15:03 | Create | Archer |
| 15:06 | Create | Archer |
| 15:15 | Build | Farm |
| 15:21 | Build | Farm |
| 15:21 | Build | Farm |
| 15:34 | Build | Farm |
| 15:36 | Create | Archer |
| 15:37 | Create | Villager (Male) |
| 15:39 | Create | Villager (Male) |
| 15:48 | Create | Archer |
| 15:53 | Build | Farm |
| 16:11 | Build | Market |
| 16:15 | Create | Archer |
| 16:20 | Create | Archer |
| 16:30 | Create | Archer |
| 16:32 | Create | Archer |
| 16:35 | Create | Archer |
| 16:39 | Create | Archer |
| 16:43 | Create | Archer |
| 16:48 | Create | Villager (Male) |
| 16:50 | Create | Villager (Male) |
| 17:10 | Build | Archery Range |
| 17:17 | Build | Archery Range |
| 17:22 | Research | Castle Age |
| 17:22 | Research | Castle Age |
| 17:25 | Research | Loom |
| 17:44 | Research | Gold Mining |
| 18:00 | Create | Archer |
| 18:04 | Create | Archer |
| 18:08 | Research | Padded Archer Armor |
| 18:09 | Research | Padded Archer Armor |
Build order — NOC | Mati
109 actions detected in the replay
| 0:00 | Create | Villager (Male) ×4 |
| 0:01 | Build | House |
| 0:02 | Build | House |
| 1:29 | Create | Villager (Male) |
| 1:29 | Create | Villager (Male) |
| 1:52 | Build | Lumber Camp |
| 2:01 | Create | Villager (Male) |
| 2:17 | Create | Villager (Male) |
| 2:17 | Create | Villager (Male) |
| 2:41 | Create | Villager (Male) |
| 3:00 | Create | Villager (Male) |
| 3:29 | Create | Villager (Male) |
| 3:50 | Build | House |
| 3:52 | Build | Mill |
| 4:00 | Create | Villager (Male) |
| 4:28 | Create | Villager (Male) ×2 |
| 5:01 | Create | Villager (Male) |
| 5:22 | Create | Villager (Male) |
| 5:28 | Create | Villager (Male) |
| 5:37 | Research | Loom |
| 6:21 | Build | Barracks |
| 6:51 | Build | House |
| 6:59 | Research | Feudal Age |
| 6:59 | Research | Feudal Age |
| 7:18 | Create | Militia |
| 7:37 | Create | Militia |
| 7:45 | Build | Mining Camp |
| 8:01 | Create | Villager (Male) |
| 8:03 | Build | House |
| 8:29 | Build | Palisade Wall |
| 8:33 | Build | Palisade Wall |
| 8:41 | Create | Militia |
| 8:50 | Build | Palisade Wall |
| 9:11 | Create | Villager (Male) |
| 9:15 | Age | Feudal Age |
| 9:19 | Create | Villager (Male) |
| 9:21 | Build | Archery Range |
| 9:31 | Create | Spearman |
| 9:39 | Research | Man-at-Arms (upgrade) |
| 9:48 | Build | House |
| 9:58 | Create | Villager (Male) |
| 10:14 | Build | House |
| 10:17 | Build | House |
| 10:22 | Create | Villager (Male) |
| 10:44 | Build | Blacksmith |
| 10:45 | Create | Archer |
| 10:48 | Build | House |
| 10:49 | Create | Villager (Male) |
| 11:01 | Build | House |
| 11:02 | Build | Palisade Wall |
| 11:17 | Create | Villager (Male) |
| 11:17 | Create | Archer |
| 11:23 | Create | Villager (Male) |
| 11:44 | Build | House |
| 11:45 | Build | Palisade Wall |
| 11:46 | Build | Palisade Wall |
| 11:50 | Create | Villager (Male) |
| 11:51 | Create | Archer |
| 12:11 | Research | Fletching |
| 12:21 | Build | House |
| 12:26 | Build | Farm |
| 12:42 | Create | Archer |
| 12:44 | Build | Farm |
| 12:55 | Build | Palisade Wall |
| 12:58 | Build | Palisade Wall |
| 13:03 | Create | Villager (Male) |
| 13:20 | Create | Archer |
| 13:46 | Create | Archer |
| 13:49 | Build | House |
| 13:50 | Build | Farm |
| 13:51 | Build | Farm |
| 13:56 | Create | Villager (Male) |
| 13:59 | Build | House |
| 14:00 | Build | Palisade Wall |
| 14:01 | Create | Villager (Male) |
| 14:03 | Create | Archer |
| 14:11 | Build | Palisade Wall |
| 14:13 | Build | Palisade Wall |
| 14:14 | Build | Palisade Wall |
| 14:25 | Build | Palisade Wall |
| 14:27 | Build | Farm |
| 14:35 | Create | Archer |
| 14:49 | Create | Archer |
| 15:11 | Create | Villager (Male) |
| 15:14 | Build | House |
| 15:16 | Build | Farm |
| 15:18 | Build | Farm |
| 15:20 | Create | Archer |
| 15:29 | Create | Villager (Male) |
| 15:31 | Build | Farm |
| 15:32 | Build | Farm |
| 15:34 | Build | Farm |
| 15:39 | Create | Villager (Male) |
| 15:42 | Build | Farm |
| 15:49 | Create | Archer |
| 15:58 | Create | Villager (Male) |
| 16:01 | Build | Farm |
| 16:06 | Build | Farm |
| 16:11 | Create | Villager (Male) |
| 16:13 | Build | House |
| 16:37 | Create | Archer |
| 16:46 | Create | Villager (Male) |
| 16:48 | Build | Lumber Camp |
| 17:00 | Build | Farm |
| 17:00 | Build | Farm |
| 17:11 | Create | Archer |
| 17:23 | Build | Farm |
| 17:42 | Create | Archer |
| 17:44 | Create | Villager (Male) |
Match timeline
| 4:50 | Edelreiss · first_building Barracks |
| 6:21 | NOC | Mati · first_building Barracks |
| 8:29 | NOC | Mati · wall_segment Palisade Wall x1 |
| 8:33 | NOC | Mati · wall_segment Palisade Wall x2 |
| 8:50 | NOC | Mati · wall_segment Palisade Wall x1 |
| 9:15 | NOC | Mati · age_up feudal |
| 9:21 | NOC | Mati · first_building Archery Range |
| 9:26 | Edelreiss · wall_segment Palisade Wall x4 |
| 9:31 | Edelreiss · wall_segment Palisade Wall x1 |
| 9:38 | Edelreiss · wall_segment Palisade Wall x5 |
| 9:47 | Edelreiss · age_up feudal |
| 9:54 | Edelreiss · first_building Archery Range |
| 10:33 | Edelreiss · wall_segment Palisade Wall x1 |
| 10:35 | Edelreiss · wall_segment Palisade Wall x1 |
| 10:37 | Edelreiss · wall_segment Palisade Wall x1 |
| 11:02 | NOC | Mati · wall_segment Palisade Wall x5 |
| 11:45 | NOC | Mati · wall_segment Palisade Wall x1 |
| 11:46 | NOC | Mati · wall_segment Palisade Wall x1 |
| 12:28 | Edelreiss · wall_segment Palisade Wall x1 |
| 12:30 | Edelreiss · wall_segment Palisade Wall x1 |
| 12:48 | Edelreiss · wall_segment Palisade Wall x1 |
| 12:48 | Edelreiss · wall_segment Palisade Wall x1 |
| 12:55 | NOC | Mati · wall_segment Palisade Wall x2 |
| 12:58 | NOC | Mati · wall_segment Palisade Wall x8 |
| 14:00 | NOC | Mati · wall_segment Palisade Wall x8 |
| 14:11 | NOC | Mati · wall_segment Palisade Wall x1 |
| 14:13 | NOC | Mati · wall_segment Palisade Wall x3 |
| 14:14 | NOC | Mati · wall_segment Palisade Wall x9 |
| 14:25 | NOC | Mati · wall_segment Palisade Wall x1 |
| 17:01 | Edelreiss · first_market_buy 100 food |
| 17:01 | Edelreiss · first_market_sell 100 stone |
| 18:23 | Edelreiss · resign |
[ AI ANALYSIS · 1 CREDIT ]
What really happened in this match?
Wolo.gg analyzes every decision: build order, eco, micro, common mistakes by bracket. Personalized analysis on WhatsApp or Discord in 30 seconds.
Civ guide
Malay
Perfil
Jugador #10336951